 Dungeon Crawl Stone Soup version 0.28.0-43-g3370ac3207 (webtiles) character file.

Game seed: 7310986676436189318

10027 crimpus the Basher (level 11, -3/92 HPs)
             Began as a Demigod Fighter on Mar 6, 2022.
             Slain by a broodmother (shapeshifter) (9 damage)
             ... on level 10 of the Dungeon.
             The game lasted 00:25:46 (10532 turns).

crimpus the Basher (Demigod Fighter)               Turns: 10532, Time: 00:25:48

Health: -3/92      AC: 19    Str: 43    XL:     11   Next: 9%
Magic:  14/14      EV:  9    Int: 20    God:
Gold:   791        SH: 16    Dex: 13    Spells: 10/10 levels left

rFire   + . .      SeeInvis +   C - +1 flail (holy)
rCold   x . .      Faith    +   F - +1 tower shield
rNeg    + . .      Spirit   .   t - quicksilver dragon scales of the Apprentice {rC- rN+ Will+ Str+2}
rPois   .          Reflect  .   w - +2 helmet
rElec   .          Harm     .   d - +0 cloak
rCorr   .          Rampage  .   (no gloves)
Will    ++...                   y - +2 pair of boots
Stlth   +.........              u - amulet "Irruexy" {Faith rF+ Int+8}
HPRegen 0.25/turn               b - +6 ring of strength
MPRegen 0.14/turn               s - +6 ring of strength

@: lethally poisoned (-3 -> -7), attractive
A: high MP 1, forlorn, divine attributes, see invisible, clever 1
a: no special abilities


You were on level 10 of the Dungeon.
You visited 1 branch of the dungeon, and saw 10 of its levels.
You also visited: Sewer.

You collected 791 gold pieces.

Inventory:

Hand Weapons
 h - a +4 flail
 C - a +1 flail of holy wrath (weapon)
Missiles
 I - 2 throwing nets (quivered)
Armour
 c - a +0 buckler
 d - a +0 cloak (worn)
 i - a +0 pair of boots
 p - a +0 plate armour
 t - the quicksilver dragon scales of the Apprentice (worn) {rC- rN+ Will+ Str+2}
   (You found it on level 4 of the Dungeon)

   Str:       It affects your strength (+2).
   rC:        It makes you vulnerable to cold.
   rN:        It protects you from negative energy.
   Will:      It increases your willpower.
 w - a +2 helmet (worn)
 y - a +2 pair of boots (worn)
 F - a +1 tower shield (worn)
Jewellery
 a - a ring of willpower
 b - a +6 ring of strength (left hand)
 e - a ring of positive energy
 n - an amulet of regeneration
 o - a ring of resist corrosion
 r - a ring of poison resistance
 s - a +6 ring of strength (right hand)
 u - the amulet "Irruexy" (around neck) {Faith rF+ Int+8}
   (You found it on level 8 of the Dungeon)

   [amulet of faith]

   It allows you to gain divine favour quickly.
   Int:       It affects your intelligence (+8).
   rF:        It protects you from fire.
 D - a ring of ice
Wands
 m - a wand of polymorph (11)
 A - a wand of iceblast (15)
 B - a wand of acid (13)
 E - a wand of mindburst (7)
 H - a wand of flame (3)
Scrolls
 f - 4 scrolls of amnesia
 l - 2 scrolls of noise
 x - 6 scrolls of identify
Potions
 g - a potion of brilliance
 j - 6 potions of flight
 k - 3 potions of curing
 q - a potion of attraction


   Skills:
 + Level 7.2 Fighting
 + Level 11.0 Maces & Flails
 + Level 6.6 Armour
 - Level 3.2 Dodging
 + Level 8.3 Shields


You had 10 spell levels left.
You didn't know any spells.
Your spell library contained the following spells:

 Spells                   Type           Power      Damage    Failure   Level
 Corpse Rot               Necr/Air       0%         N/A       95%         2
 Poisonous Vapours        Pois/Air       0%         N/A       95%         2
 Searing Ray              Conj           0%         2d4       95%         2
 Static Discharge         Conj/Air       0%         N/A       95%         2
 Tukima's Dance           Hex            0%         N/A       99%         3
 Anguish                  Hex/Necr       0%         N/A       100%        4
 Fireball                 Conj/Fire      0%         3d3       100%        5
 Starburst                Conj/Fire      0%         6d3       100%        6
 Enfeeble                 Hex            0%         N/A       100%        7
 Malign Gateway           Summ/Tloc      0%         N/A       100%        7
 Disjunction              Tloc           0%         N/A       100%        8
 Ignition                 Fire           0%         3d3       100%        8


Dungeon Overview and Level Annotations

Branches:
Dungeon (10/15)            Temple (0/1) D:4           Sewer (visited)
   Lair: D:8-11         Orc: D:9-12

Shops:
D:1 (   D:4 *   D:8 [

Annotations:
D:7 3 runed translucent doors, tizbic2's ghost, novice DsHu


Innate Abilities, Weirdness & Mutations

You have an increased reservoir of magic. (+10% MP)
You shall have no god before yourself.
Your divine heritage dramatically boosts your attributes as you level up.
You have supernaturally acute eyesight. (SInv)
Your mind is acute. (Int +2)


Message History

The broodmother is attracted toward you.
The yak is attracted toward you.
The jumping spider is attracted toward you.
Something is attracted toward you.
You feel very sick.
The yak bellows!
The cyclops is attracted toward you.
The broodmother is attracted toward you.
The yak is attracted toward you.
The jumping spider is attracted toward you.
Something is attracted toward you.
You feel sick.
The skeletal warrior hits you with a +2 battleaxe of freezing!!
* * * LOW HITPOINT WARNING * * *
The skeletal warrior freezes you.
* * * LOW HITPOINT WARNING * * *
The jumping spider is attracted toward you.
The freezing wraith is attracted toward you.
You feel very sick.
You feel sick. You block the yak's attack.
The freezing wraith is attracted toward you.
The jumping spider is attracted toward you.
The skeletal warrior is attracted toward you.
You feel sick.
The jumping spider disappears in a puff of smoke!
You block the yak's attack. The broodmother bites you!
* * * LOW HITPOINT WARNING * * *
The jumping spider leaps!
You block the skeletal warrior's attack.
The skeletal warrior is attracted toward you.
The jumping spider is attracted toward you.
Unknown command.
You hit the skeletal warrior.
The skeletal warrior convulses.
The skeletal warrior is lightly damaged.
You feel sick.
The jumping spider leaps!
The broodmother bites you but does no damage.
You block the skeletal warrior's attack.
You block the yak's attack. The skeletal warrior barely misses you.
The jumping spider leaps!
The broodmother bites you!
You die...

#....
.......##.#.....#
#####
#########.#....##
#.#...## #.#..##
###.#..# #......#
##### #.#.#.##
#..z#######.#.#.#
#.#Y@zs§.§....#.#
#.Cs#######.###.#
##W## #.# #.# #.#
#.# #.##### #§#
#.# #.#.... #§#
#.# #.#)### #§#
#.# #.#.# #W# #)#
#.#.### #.# #.#
#......


You could see a broodmother, 2 skeletal warriors, a cyclops, a freezing wraith,
a yak and a jumping spider (summoned).

Vanquished Creatures
  2 centaur warriors
  A deep elf zephyrmancer (D:9)
  A harpy (shapeshifter) (D:8)
  2 ugly things (D:10)
  A cyclops (D:8)
  2 unseen horrors (D:10)
  An efreet (D:10)
  A meliai (D:8)
  A troll (D:8)
  A centaur simulacrum (D:10)
  A shadow (D:10)
  6 yaks (D:10)
  A steam dragon (D:8)
  A vampire mosquito (D:8)
  A water moccasin (D:8)
  An ice beast (D:6)
  2 sky beasts
  2 necrophages (D:6)
  3 black bears
  3 orc warriors
  A tengu (shapeshifter) (D:8)
  2 ogres (D:6)
  A centaur (D:9)
  A phantom (D:6)
  4 bullfrogs
  A wyvern zombie (D:8)
  Blork the orc (D:5)
  A gnoll sergeant (D:8)
  5 kobold brigands
  A scorpion (D:4)
  A wyvern skeleton (D:6)
  A water moccasin zombie (D:5)
  5 killer bees (D:6)
  5 wights
  A howler monkey (D:6)
  A bullfrog zombie (D:6)
  3 jellies
  3 centaur zombies
  6 orc priests
  3 hounds
  A centaur skeleton (D:6)
  2 bullfrog skeletons
  2 iguanas
  Ijyb (D:2)
  8 orc wizards
  2 killer bee zombies (D:6)
  A hound zombie (D:5)
  A howler monkey zombie (D:8)
  8 adders
  11 gnolls
  A white imp (D:3)
  A worm (D:3)
  A dart slug (D:4)
  32 orcs
  8 ball pythons
  10 bats
  13 endoplasms
  5 giant cockroaches
  10 goblins
  7 hobgoblins
  7 jackals
  30 kobolds
  7 quokkas
  3 frilled lizards
  9 rats
262 creatures vanquished.

Vanquished Creatures (others)
  3 fungi (D:2)
  5 plants
  5 toadstools (D:1)
13 creatures vanquished.

Grand Total: 275 creatures vanquished

Notes
Turn   | Place    | Note
-------+----------+-------------------------------------------
     0 | D:1      | crimpus the Demigod Fighter began the quest for the Orb.
     0 | D:1      | Reached XP level 1. HP: 18/18 MP: 3/3
   529 | D:1      | Found Vusmataw's Antique Weapon Shop.
   543 | D:1      | Reached skill level 2 in Maces & Flails
   582 | D:1      | Reached XP level 2. HP: 24/25 MP: 4/4
   970 | D:1      | Reached XP level 3. HP: 31/31 MP: 5/5
  1520 | D:2      | Reached skill level 3 in Maces & Flails
  1521 | D:2      | Reached XP level 4. HP: 38/38 MP: 6/6
  1909 | D:3      | Noticed Ijyb
  1991 | D:2      | Killed Ijyb
  2129 | D:3      | Reached XP level 5. HP: 45/45 MP: 7/7
  2240 | D:3      | Gained mutation: You have supernaturally acute eyesight.
                  | (SInv) [potion of mutation]
  2240 | D:3      | Gained mutation: Your mind is acute. (Int +2) [potion of
                  | mutation]
  2614 | D:3      | Reached skill level 4 in Maces & Flails
  2908 | D:4      | Found a staircase to the Ecumenical Temple.
  2976 | D:4      | Reached XP level 6. HP: 51/51 MP: 8/8
  3051 | D:4      | Found a glowing drain.
  3091 | Sewer    | Entered a sewer
  3399 | D:4      | Found Besoso's General Store.
  3704 | D:4      | Identified the quicksilver dragon scales of the Apprentice
                  | {rC- rN+ Will+ Str+2}
  3779 | D:5      | Entered Level 5 of the Dungeon
  3784 | D:5      | Noticed Blork the orc
  3792 | D:5      | Reached skill level 5 in Maces & Flails
  3803 | D:5      | Killed Blork the orc
  4029 | D:5      | Reached XP level 7. HP: 56/58 MP: 9/9
  4321 | D:5      | Identified the +0 scale mail "Vootha Maits" {Contam rElec
                  | rPois rC+}
  4484 | D:5      | Reached skill level 1 in Dodging
  4901 | D:6      | Reached skill level 6 in Maces & Flails
  5039 | D:6      | Reached XP level 8. HP: 67/67 MP: 10/10
  5410 | D:6      | Reached skill level 7 in Maces & Flails
  5453 | D:6      | Reached skill level 5 in Armour
  5461 | D:6      | Reached skill level 5 in Fighting
  5679 | D:6      | Reached skill level 8 in Maces & Flails
  6073 | D:7      | Found a runed translucent gate.
  6073 | D:7      | Found a runed translucent gate.
  6073 | D:7      | Found a runed translucent gate.
  6080 | D:7      | Noticed tizbic2's ghost (novice DsHu)
  6084 | D:7      | Noticed an angel
  6192 | D:7      | Reached XP level 9. HP: 63/74 MP: 11/11
  7436 | D:8      | Reached skill level 5 in Shields
  7520 | D:8      | Reached skill level 9 in Maces & Flails
  7674 | D:8      | Identified the +2 leather armour of Mezcal {Str-5 Int+3
                  | SInv}
  7696 | D:8      | Noticed a cyclops
  7705 | D:8      | Killed a cyclops
  7744 | D:8      | Noticed a centaur warrior
  7754 | D:8      | Killed a centaur warrior
  7755 | D:8      | Reached XP level 10. HP: 68/83 MP: 13/13
  8082 | D:8      | Found Japs's Armour Boutique.
  8176 | D:8      | Noticed a black mamba
  8182 | D:8      | Noticed a harpy
  8182 | D:8      | a black mamba changed into a harpy
  8185 | D:8      | Killed a harpy
  8352 | D:8      | Got the Guide on the Traveller and Damage Dealing
  8394 | D:8      | Identified the amulet "Irruexy" {Faith rF+ Int+8}
  8621 | D:9      | Reached skill level 10 in Maces & Flails
  8846 | D:9      | Noticed a deep elf zephyrmancer
  8851 | D:9      | Killed a deep elf zephyrmancer
  9009 | D:10     | Entered Level 10 of the Dungeon
  9015 | D:10     | Noticed a centaur warrior
  9022 | D:10     | Killed a centaur warrior
  9444 | D:10     | Noticed a white ugly thing
  9444 | D:10     | Noticed a brown ugly thing
  9494 | D:10     | Killed a white ugly thing
  9495 | D:10     | Reached XP level 11. HP: 38/92 MP: 14/14
  9680 | D:10     | Noticed a skeletal warrior
  9694 | D:10     | HP: 4/92 [skeletal warrior/+0 halberd (20)]
 10504 | D:10     | Noticed a boulder beetle
 10506 | D:10     | Reached skill level 11 in Maces & Flails
 10506 | D:10     | Noticed a broodmother
 10523 | D:10     | Noticed a skeletal warrior
 10532 | D:10     | Slain by a broodmother (shapeshifter)

Illustrated notes

Levels and vault maps discovered:
D:1:      ldierk_walled_garden, layout_loops_ring, serial_shops, shop
D:2:      layout_basic, basic_altar, dreamdust_ecumenical_altar_grove,
          minmay_pentomino_p4
D:3:      minmay_bubble_buster, layout_loops_ring,
          grunt_temple_overflow_forces_of_nature,
          nicolae_gozag_conspicuous_consumption, serial_forest,
          infiniplex_forest_clump_cross, infiniplex_forest_clump_curved,
          infiniplex_forest_join, infiniplex_forest_clump_long,
          infiniplex_forest_clump_cross, infiniplex_forest_end_2,
          minmay_misc_feat_alley, uniq_ijyb
D:4:      layout_cave_pools, minmay_temple_entry_stoned_glass,
          portal_sewer_entry_f, serial_shops, nicolae_diamond_shop,
          hangedman_abyss_or_decor_jellyfish_corner, minmay_liquid_box,
          nicolae_concentric_dashed_squares_mild
D:5:      layout_loops_cross, mainiacjoe_overflow_boulevard,
          kennysheep_generic_room_2, uniq_blork_the_orc
D:6:      minmay_chambers_of_threes, layout_basic, nemelex_altar_shiori
D:7:      layout_cave_pools, grunt_temple_overflow_order_and_chaos_1,
          nicolae_wu_jian_glorious_leap, serial_column_ruins,
          column_ruins_grid_1, column_ruins_corridor_corner,
          column_ruins_columns_corner, column_ruins_open_small,
          biasface_ghost_orc_armoury
D:8:      minmay_the_grid_octo_2x2 [minmay_the_grid_octo_77,
          minmay_the_grid_octo_fan_narrow, minmay_the_grid_octo_checkered,
          minmay_the_grid_octo_prize_single_spiral], layout_loops_cross,
          serial_shops, kennysheep_mini_moat, st_stairs_5, minmay_crossroads
D:9:      layout_cave_pools, bloody_makhleb, mainiacjoe_overflow_catwalk_spiral,
          guppyfry_early_elven_hall
D:10:     layout_loops_ring, okawaru_gym_becter, mrwooster_statue_mirror,
          minivault_28

Skill      XL: |  1  2  3  4  5  6  7  8  9 10 11 |
---------------+----------------------------------+-----
Maces & Flails | 2 3 4 5 6 8 9 10 11 | 11.0
Armour         | 3 4 5 6 |  6.6
Fighting       | 3 4 5 6 7 |  7.2
Shields        | 3 4 6 8 |  8.3
Dodging        | 1 2 3 |  3.2

Action                   |  1- 3 |  4- 6 |  7- 9 | 10-12 || total
-------------------------+-------+-------+-------+-------++-------
Melee: Flail             |   144 |   322 |   336 |   200 ||  1002
       Unarmed           |       |     8 |       |       ||     8
       Morningstar       |       |       |    80 |       ||    80
Evoke: Wand              |       |       |       |     2 ||     2
  Use: Potion            |     4 |     5 |     6 |     6 ||    21
       Scroll            |     3 |     4 |     6 |     1 ||    14
Armor: Scale mail        |    91 |    46 |       |       ||   137
       Skin              |       |     4 |       |       ||     4
       Plate armour      |       |   148 |       |       ||   148
       Quicksilver drago |       |    15 |   263 |   115 ||   393
Dodge: Dodged            |    89 |   136 |   244 |    64 ||   533
Block: Buckler           |    37 |    83 |   104 |       ||   224
       Tower shield      |       |       |   108 |   196 ||   304
